cohdb
Replays
Latest Replays
All Replays
Popular Replays
Top Player Replays
Match Explorer
How It Works
Community
CoH3 Stats
Reddit
Sign in to upload your games and track your stats! →
Sign in with Steam
Match 38514710
Unlisted
Match 38514710
Overview
Messages
Build Orders
End
Selects Italian Combined Arms Battlegroup
Selects Bersaglieri Squad
Bersaglieri Squad
250 Light Carrier
Bersaglieri Squad
Construct Light Support Kompanie
Combat Half-tracks
2.5-tonne Medical Truck
Bersaglieri Squad
Fire Support Elements
Panzerpioneer Squad
Pak 38 Mechanized Group
Pak 38 Anti-tank Gun Team
Selects Semovente da 75/18 Assault Gun
LEV-Detahaven
Tenshi
Makak
Stiermäster
0
0
Comments
sign in to comment!
No comments posted yet!